 Dungeon Crawl Stone Soup version 0.31-a0-632-g766dd24fdf (webtiles) character file.

Game seed: 13307134113044970897

14736 LeprechaunX the Mimic (level 12, -8/75 HPs)
             Began as an Octopode Shapeshifter on Aug 25, 2023.
             Was an Elder of Hepliaklqana.
             Mangled by a skyshark (11 damage)
             ... on level 2 of the Lair of Beasts.
             The game lasted 00:28:40 (12314 turns).

LeprechaunX the Mimic (Octopode Shapeshifter)      Turns: 12314, Time: 00:28:40

Health: -8/75      AC:  1    Str: 25    XL:     12   Next: 19%
Magic:  0/18       EV: 18    Int: 10    God:    Hepliaklqana [****..]
Gold:   346        SH: 11    Dex: 25    Spells: 16/19 levels left

rFire   + +          .
                       - Unarmed
rCold   . . .        L - +0 kite shield
rNeg    . . .        (helmet currently unavailable)
rPois   +            f - amulet of guardian spirit
rElec   .            g - +6 ring of dexterity
rCorr   .            w - ring of protection from fire
SInv    +            o - +6 ring of dexterity
Will    .....        e - ring of wizardry
Stlth   +++          H - ring "Cioduala" {rPois rF+ Slay+2 SInv}
HPRegen 0.32/turn    D - +6 ring of strength
MPRegen 0.16/turn    (no ring)
                     (no ring)

%: guardian spirit, wizardry (x1)
@: beast-form
A: beast (slay +4), reduced essence, almost no armour, amphibious, 8 rings,
camouflage 1, gelatinous body 1, (nimble swimmer 1), tentacles
a: Begin Untransformation, Renounce Religion, Recall Ancestor, Ancestor
Identity, Transference, Idealise


You were on level 2 of the Lair of Beasts.
You worshipped Hepliaklqana.
Hepliaklqana was greatly pleased with you.
You were a hulking beast.
You visited 3 branches of the dungeon, and saw 13 of its levels.
You also visited: Bailey.

You collected 812 gold pieces.
You spent 466 gold pieces at shops.

Inventory:

Missiles
 t - 2 curare-tipped darts
 z - 6 javelins (quivered)
 J - 5 boomerangs
Armour
 L - a +0 kite shield (worn)
Jewellery
 e - a ring of wizardry (on tentacle)
 f - an amulet of guardian spirit (around mantle)
 g - a +6 ring of dexterity (left tentacle)
 o - a +6 ring of dexterity (on tentacle)
 q - an amulet of the acrobat
 w - a ring of protection from fire (right tentacle)
 D - a +6 ring of strength (on tentacle)
 H - the ring "Cioduala" (on tentacle) {rPois rF+ Slay+2 SInv}
   (You bought it in a shop on level 2 of the Dungeon)

   [ring of poison resistance]

   Slay+2:    It affects your accuracy & damage with ranged weapons and melee
   (+2).
   rF+:       It protects you from fire.
   rPois:     It protects you from poison SInv: It lets you see invisible.
Talismans
 b - a beast talisman (active)
 c - a flux talisman
Wands
 v - a wand of acid (3)
 F - a wand of polymorph (7)
 I - a wand of paralysis (9)
Scrolls
 d - 5 scrolls of enchant armour
 k - 6 scrolls of vulnerability
 l - 10 scrolls of teleportation
 m - 5 scrolls of blinking
 s - a scroll of amnesia
 u - 3 scrolls of summoning
 y - 2 scrolls of poison {unknown}
 B - 3 scrolls of fog
 C - 3 scrolls of noise
 E - a scroll of immolation {unknown}
 G - a scroll of silence {unknown}
 M - a scroll of fear {unknown}
 N - 2 scrolls of identify
 P - a scroll of torment {unknown}
Potions
 a - 2 potions of lignification
 h - 2 potions of brilliance {unknown}
 i - 9 potions of curing
 j - 4 potions of haste
 n - 2 potions of cancellation {unknown}
 p - a potion of magic {unknown}
 r - 4 potions of mutation
 x - a potion of heal wounds {unknown}
 A - 2 potions of ambrosia {unknown}
 K - a potion of invisibility {unknown}
 O - a potion of degeneration {unknown}
 Q - a potion of might {unknown}


   Skills:
 + Level 8.3 Fighting
 - Level 7.0 Dodging
 + Level 2.8 Shields
 + Level 8.7 Unarmed Combat
 - Level 4.0 Spellcasting
 - Level 4.0 Ice Magic
 - Level 5.0 Invocations
 * Level 11.0 Shapeshifting


You had 16 spell levels left.
You knew the following spells:

 Your Spells              Type           Power      Damage    Failure   Level
a - Ozocubu's Armour      Ice            10%        N/A       12%         3

Your spell library contained the following spells:

 Spells                   Type           Power      Damage    Failure   Level
 Kiss of Death            Conj/Necr      8%         2d6       21%         1
 Magic Dart               Conj           8%         1d3       21%         1
 Cigotuvi's Dreadful Rot  Necr/Pois/Air  4%         N/A       32%         2
 Confusing Touch          Hex            2%         N/A       52%         3
 Dazzling Flash           Conj/Hex       4%         N/A       52%         3
 Ignite Poison            Fire/Tmut/Pois 2%         N/A       52%         3
 Dispel Undead            Necr           2%         3d7       88%         4
 Freezing Cloud           Conj/Ice/Air   2%         6-21      96%         5
 Agony                    Necr           2%         N/A       99%         5
 Silence                  Hex/Air        1%         N/A       99%         5
 Ozocubu's Refrigeration  Ice            5%         4d8       100%        7


Dungeon Overview and Level Annotations

Branches:
Dungeon (10/15)            Temple (1/1) D:4            Lair (2/5) D:8
    Orc (0/2) D:10         Bailey (visited)
  Swamp: Lair:2-3    Shoals: Lair:2-3     Snake: Lair:2-3    Spider: Lair:2-3

Altars:
Ashenzari
Cheibriados
Dithmenos
Elyvilon
Fedhas
Gozag
Hepliaklqana
Kikubaaqudgha
Makhleb
Nemelex Xobeh
Okawaru
Qazlal
Ru
Sif Muna
Trog
Uskayaw
Vehumet
Wu Jian
Xom
Yredelemnul
Zin
The Shining One

Shops:
D:2 =   D:3 ?


Innate Abilities, Weirdness & Mutations

You are a hulking beast.
Your limbs bulge with bestial killing power. (Slay +4)
Your life essence is reduced to manifest your ancestor. (-10% HP)
You cannot wear most types of armour.
You are amphibious.
You can wear up to eight rings at the same time.
Your skin changes colour to match your surroundings (Stealth+).
Your rubbery body absorbs attacks. (AC +1, EV +1)
((You are camouflaged when in or above water. (Stealth+)))
You have tentacles for arms and can constrict up to eight enemies at once.


Message History

The bullfrog gives a loud, deep croak!
Tepiltzin gestures at the bullfrog while chanting.
The bullfrog seems to slow down.
The bullfrog barely misses you.
You closely miss the bullfrog. You grab the bullfrog.
You constrict the bullfrog.
Tepiltzin gestures at the bullfrog while chanting.
The bullfrog seems to slow down.
The bullfrog closely misses you.
You barely miss the bullfrog. You squeeze the bullfrog!
You kill the bullfrog!
You see here a bullfrog corpse.
You hear the rumble of a distant avalanche of rocks.
Found a scroll of identify.
N - 2 scrolls of identify (gained 1)
Found a whip.
You see here a +0 whip.
Found a potion of lignification.
A skyshark comes into view.
Found a glowing scale mail.
The skyshark completely misses you. The skyshark tail-slaps you.
The skyshark misses you.
You see here a potion of lignification.
You tentacle-slap the skyshark.
The skyshark is lightly wounded.
The skyshark bites you.
The skyshark tastes blood and grows stronger!
The skyshark tail-slaps you. The skyshark tail-slaps you!
You bludgeon the skyshark!
The skyshark is lightly wounded.
The skyshark bites you!!
The skyshark enters a blood-rage!
The skyshark tail-slaps you!
The skyshark tail-slaps you but does no damage.
You bludgeon the skyshark!
Your tentacle-slap misses the skyshark.
You squeeze the skyshark!
The skyshark is moderately wounded.
The skyshark misses you. The skyshark tail-slaps you! x2
* * * LOW HITPOINT WARNING * * *
The skyshark attacks as it pursues you! The skyshark bites you!!
* * * LOW HITPOINT WARNING * * *
The skyshark tail-slaps you!
You die...

## #### ##### .####
.#.####.#.######.#.#
.........)......hR.#
..#.####P..##P#.#l##
.#### ##########..#
## ..#.# # ####... #
... #.[.. ####


You could see the friendly Tepiltzin the hexer and a skyshark (berserk, ally
target).

Vanquished Creatures
  2 vault guards (Bailey)
  2 two-headed ogres (D:8)
  Pikel (D:7)
  2 black mambas (Lair:2)
  2 cane toads
  2 komodo dragons
  A polar bear (D:8)
  Eustachio (D:4)
  8 yaks
  4 humans (Bailey)
  Grum (D:8)
  A wyvern (D:10)
  A basilisk (D:10)
  An acid dragon (D:9)
  3 water moccasins
  5 orc warriors
  A sky beast (D:6)
  4 ice beasts
  An ogre (D:4)
  10 wolves
  A phantom (D:5)
  A centaur (D:10)
  A lemure (D:7)
  3 kobold brigands
  11 bullfrogs
  8 wights
  3 scorpions
  Dowan (D:7)
  2 howler monkeys (D:8)
  2 electric eels (D:10)
  2 jellies (D:6)
  7 orc priests
  2 hounds (D:5)
  A gnoll bouda (D:6)
  3 iguanas
  11 orc wizards
  7 adders
  9 gnolls
  2 ufetubi (D:5)
  4 dart slugs
  26 orcs
  9 bats
  3 giant cockroaches
  12 goblins
  7 hobgoblins
  5 jackals
  3 quokkas
  3 ball pythons
  3 frilled lizards
  15 kobolds
  6 rats
226 creatures vanquished.

Vanquished Creatures (collateral kills)
  A gargoyle (D:10)
  A rime drake (D:8)
  A komodo dragon (Lair:1)
  Prince Ribbit (Bailey)
  A vampire (D:9)
  2 yaks (Lair:1)
  A steam dragon (D:8)
  2 water moccasins
  Duvessa (D:7)
  An ice beast (D:8)
  A sky beast (D:7)
  A wolf (Lair:1)
  A centaur (D:8)
  5 bullfrogs
  A howler monkey (D:6)
  4 orc wizards
  A gnoll (D:6)
  10 orcs
  A kobold (D:7)
37 creatures vanquished.

Vanquished Creatures (others)
  A human (D:4)
  An electric eel (D:10)
  7 hexers
  2 ancestors (D:6)
11 creatures vanquished.

Grand Total: 274 creatures vanquished

Notes
Turn   | Place    | Note
-------+----------+-------------------------------------------
     0 | D:1      | LeprechaunX the Octopode Shapeshifter began the quest for
                  | the Orb.
     0 | D:1      | Reached XP level 1. HP: 13/13 MP: 1/1
   185 | D:1      | Reached XP level 2. HP: 16/18 MP: 2/2
   278 | D:1      | Reached XP level 3. HP: 21/23 MP: 3/3
   838 | D:2      | Found Josots's Jewellery Shop.
  1207 | D:2      | Reached XP level 4. HP: 29/29 MP: 4/4
  1646 | D:3      | Found a faded altar of an unknown god.
  1836 | D:3      | Found Dowesong's Magic Scroll Boutique.
  2108 | D:3      | Found a shimmering blue altar of Sif Muna.
  2121 | D:3      | Reached skill level 4 in Shapeshifting
  2121 | D:3      | Reached XP level 5. HP: 25/34 MP: 5/5
  2125 | D:3      | Got Sif Muna's Catalogue of Wounds
  2523 | D:4      | Found a staircase to the Ecumenical Temple.
  2537 | D:4      | Found a hide-covered altar of Uskayaw.
  2579 | D:4      | Noticed a kobold brigand
  2587 | D:4      | Killed a kobold brigand
  2802 | D:4      | Found a glowing silver altar of Zin.
  2866 | D:4      | Noticed Eustachio
  2870 | D:4      | Reached XP level 6. HP: 41/41 MP: 6/6
  2921 | D:4      | Killed Eustachio
  3073 | D:4      | Found an ancient bone altar of Kikubaaqudgha.
  3074 | D:4      | Noticed a human
  3077 | D:4      | Killed a human
  3145 | D:4      | Reached skill level 5 in Shapeshifting
  3199 | D:4      | Reached XP level 7. HP: 28/46 MP: 4/7
  3446 | Temple   | Entered the Ecumenical Temple
  3460 | Temple   | Became a worshipper of Hepliaklqana the Forgotten
  3482 | D:5      | Entered Level 5 of the Dungeon
  3721 | D:5      | Reached skill level 1 in Invocations
  3953 | D:5      | Reached XP level 8. HP: 52/54 MP: 9/9
  4262 | D:5      | Reached skill level 5 in Unarmed Combat
  4262 | D:5      | Reached skill level 6 in Shapeshifting
  4864 | D:6      | Reached * piety under Hepliaklqana
  4929 | D:6      | Reached skill level 1 in Spellcasting
  5056 | D:6      | Noticed a yak
  5108 | D:6      | Noticed a yak
  5109 | D:6      | Noticed a yak
  5142 | D:6      | Found a shadowy altar of Dithmenos.
  5444 | D:6      | Found a burning altar of Makhleb.
  5446 | D:6      | Noticed a balrug
  5476 | D:6      | Found an iron altar of Okawaru.
  5542 | D:6      | Noticed a yak
  5559 | D:6      | Killed a yak
  5560 | D:6      | Reached skill level 5 in Dodging
  5560 | D:6      | Reached XP level 9. HP: 34/53 MP: 5/11
  5689 | D:6      | Reached skill level 7 in Shapeshifting
  5977 | D:7      | Learned a level 3 spell: Ozocubu's Armour
  5997 | D:7      | Reached skill level 5 in Fighting
  6328 | D:7      | Reached ** piety under Hepliaklqana
  6329 | D:7      | Remembered your ancestor Tepiltzin as a hexer
  6333 | D:7      | Noticed Duvessa
  6334 | D:7      | Noticed Dowan
  6335 | D:7      | Killed Duvessa
  6336 | D:7      | Reached skill level 1 in Ice Magic
  6339 | D:7      | Killed Dowan
  6471 | D:7      | Noticed Pikel
  6480 | D:7      | Killed Pikel
  6634 | D:7      | Reached XP level 10. HP: 43/59 MP: 11/14
  6969 | D:7      | Reached skill level 8 in Shapeshifting
  7034 | D:8      | Found a staircase to the Lair.
  7057 | D:8      | Reached skill level 5 in Invocations
  7258 | D:8      | Noticed Grum
  7269 | D:8      | Killed Grum
  7444 | D:8      | Noticed a two-headed ogre
  7564 | D:8      | Killed a two-headed ogre
  7691 | D:8      | Noticed a two-headed ogre
  7704 | D:8      | Killed a two-headed ogre
  7705 | D:8      | Reached skill level 9 in Shapeshifting
  7729 | D:8      | Reached XP level 11. HP: 59/66 MP: 9/15
  8203 | D:9      | Found a shimmering altar of Xom.
  8351 | D:9      | Found a radiant altar of Vehumet.
  8597 | D:2      | Bought the ring "Cioduala" {rPois rF+ Slay+2 SInv} for 466
                  | gold pieces
  8730 | D:10     | Entered Level 10 of the Dungeon
  8738 | D:10     | Noticed a sea snake
  8757 | D:10     | Reached *** piety under Hepliaklqana
  8869 | D:10     | Found a flagged portal.
  8885 | Bailey   | Entered a bailey
  9215 | Bailey   | Noticed Prince Ribbit
  9215 | Bailey   | Noticed a vault guard
  9225 | Bailey   | Killed a vault guard
  9227 | Bailey   | Killed Prince Ribbit
  9228 | Bailey   | Reached skill level 10 in Shapeshifting
  9270 | Bailey   | Noticed a vault guard
  9280 | Bailey   | Killed a vault guard
  9867 | D:10     | Found a staircase to the Orcish Mines.
 11238 | Lair:1   | Entered Level 1 of the Lair of Beasts
 11342 | Lair:1   | Reached skill level 1 in Shields
 11596 | Lair:1   | Reached **** piety under Hepliaklqana
 11603 | Lair:1   | Reached XP level 12. HP: 67/73 MP: 14/18
 12157 | Lair:2   | Reached skill level 11 in Shapeshifting
 12308 | Lair:2   | Noticed a skyshark
 12314 | Lair:2   | HP: 3/75 [skyshark (19)]
 12314 | Lair:2   | Mangled by a skyshark

Illustrated notes

Levels and vault maps discovered:
D:1:      sevenhm_arrival_forest_fort_small_3, layout_loops_ring, st_stairs_13,
          minmay_split_cup_small
D:2:      layout_basic, serial_shops, nicolae_shop_tiny_real_fake_doors,
          grunt_decor_arrowhead
D:3:      layout_loops_ring, led_sif_book, serial_co_window_serial,
          co_window_paths_a, co_window_paths_a, co_window_corner_a,
          co_window_of_opportunity_a, co_window_of_opportunity_a,
          co_window_2corner, co_window_of_opportunity_b, co_window_2corner,
          co_window_2corner, glass_columns_c, serial_shops, shop,
          ebering_ecumenical_altar_rust
D:4:      layout_loops_cross, mainiacjoe_overflow_chevrons, tgw_kikubaaqudgha,
          zin_academy, temple_statues, uniq_eustachio
D:5:      cheibrodos_thug_alley, layout_rooms, chequers_serial_rivers_room_b,
          chequers_big_river, kennysheep_generic_room_9
D:6:      layout_basic, lemuel_round_altar, kennysheep_little_box,
          makhleb_altar_promises_db, nicolae_eternal_life
D:7:      layout_loops_ring, uniq_duvessa, uniq_pikel
D:8:      layout_gridville, hellmonk_lair_entry_icy, uniq_grum
D:9:      layout_layer_cave, old_standard_altar, lemuel_tele_altar
D:10:     layout_loops_ring, orc_0_dummy, lightli_bailey_entry_fortress,
          serial_aquarium, aquarium_bridge_square [aquarium_subvault_wall,
          aquarium_subvault_bridge, aquarium_subvault_bridge,
          aquarium_subvault_bridge], aquarium_window_fake, aquarium_window_1,
          aquarium_window_fake, aquarium_view_2b, aquarium_balcony_double_1,
          aquarium_pool_2, minmay_gold_behind_fungi, disabler_island
Temple:   nicolae_temple_figure_eight
Lair:1:   layout_small_grid, lemuel_old_faithful
Lair:2:   layout_cave_pods, nicolae_volcano_entry_vermiform

Skill      XL: |  1  2  3  4  5  6  7  8  9 10 11 12 |
---------------+-------------------------------------+-----
Fighting       | 2 3 4 5 6 8 |  8.3
Shapeshifting  | 4 5 6 7 9 10 11 | 11.0
Dodging        | 3 4 5 7 |  7.0
Unarmed Combat | 4 5 6 7 8 |  8.7
Invocations    | 1 3 4 5 |  5.0
Spellcasting   | 1 3 4 |  4.0
Ice Magic      | 2 3 4 |  4.0
Shields        | 1 2 |  2.8

Action                     |  1- 3 |  4- 6 |  7- 9 | 10-12 || total
---------------------------+-------+-------+-------+-------++-------
  Melee: Unarmed           |    74 |    99 |   185 |   240 ||   598
         Constrict         |    25 |    16 |    43 |    59 ||   143
         Punch             |     4 |     2 |    14 |    17 ||    37
         Tentacles         |    14 |    11 |    38 |    64 ||   127
  Throw: Boomerang         |       |     2 |    28 |       ||    30
         Javelin           |       |       |     7 |    29 ||    36
         Throwing net      |       |       |     1 |       ||     1
   Cast: Ozocubu's Armour  |       |       |       |     3 ||     3
 Invoke: Recall Ancestor   |       |       |     1 |     1 ||     2
         Ancestor Life: He |       |       |     1 |       ||     1
  Evoke: Wand              |       |       |       |     4 ||     4
    Use: Potion            |       |     1 |       |       ||     1
         Scroll            |       |       |       |    11 ||    11
   Stab: Sleeping          |     4 |     8 |     4 |     3 ||    19
         Confused          |       |       |       |    12 ||    12
         Distracted        |       |       |       |     4 ||     4
 Armour: Skin              |    11 |   147 |     5 |     8 ||   171
  Dodge: Dodged            |    55 |    54 |    99 |   161 ||   369
  Block: Kite shield       |       |       |       |    15 ||    15
   Form: Beast             |       |       |       |     1 ||     1
         Flux              |       |       |       |     1 ||     1

Table legend: (Time is in decaauts)
 A = Elapsed time spent in this place.
 B = Non-inter-level travel time spent in this place.
 C = Inter-level travel time spent in this place.
 D = Time resting spent in this place.
 E = Time spent auto-exploring this place.
 F = Levels seen in this place.
 G = Mean time per level.
                   A        B        C        D        E       F      G
               +--------+--------+--------+--------+--------+-----+--------+
         Total |  12291 |  11489 |    802 |   1104 |   8289 |  14 |  877.9 |
       Dungeon |  10760 |  10003 |    757 |    864 |   7520 |  10 | 1076.0 |
        Temple |     26 |      2 |     24 |      0 |      0 |   1 |   26.0 |
          Lair |   1073 |   1052 |     21 |     18 |    769 |   2 |  536.5 |
        Bailey |    430 |    430 |      0 |    222 |      0 |   1 |  430.0 |
               +--------+--------+--------+--------+--------+-----+--------+

Top non-repeatable levels by time:
     D:6: 1478 daAuts
     D:9: 1323 daAuts
    D:10: 1154 daAuts
     D:8: 1152 daAuts
     D:5: 1064 daAuts
     D:7: 1052 daAuts
     D:3: 1035 daAuts
     D:4: 959 daAuts
  Lair:1: 887 daAuts
     D:2: 797 daAuts
     D:1: 742 daAuts
  Bailey: 430 daAuts
  Lair:2: 185 daAuts
  Temple: 26 daAuts
